 Dungeon Crawl Stone Soup version 0.27.1-37-g7b29ead8ac (console) character file.

Game seed: 8436107595794543483

60 grimtooth the Changer (level 3, -2/15 HPs)
             Began as a Felid Transmuter on Nov 30, 2023.
             Slain by a quokka (5 damage)
             ... on level 3 of the Dungeon.
             The game lasted 00:07:52 (2985 turns).

grimtooth the Changer (Felid Transmuter)            Turns: 2985, Time: 00:07:53

Health: -2/15      AC:  1    Str:  6    XL:     3   Next: 80%
Magic:  7/7        EV: 17    Int: 15    God:
Gold:   137        SH:  0    Dex: 16    Spells: 2/6 levels left
                                        Lives:  0   Deaths: 0

rFire    . . .     SeeInvis +     - Unarmed
rCold    . . .     Faith    .   (shield unavailable)
rNeg     . . .     Spirit   .   (armour unavailable)
rPois    .         Reflect  .   (helmet unavailable)
rElec    .         Harm     .   (cloak unavailable)
rCorr    .         Rampage  .   (gloves unavailable)
Will     .....                  (boots unavailable)
Stlth    ++........             d - amulet of magic regeneration
HPRegen  0.05/turn              (no ring)
MPRegen  0.35/turn              (no ring)

@: quick
A: very small, claws 1, fangs 3, see invisible, speed 1, shaggy fur 1, stealthy
paws, no weapons or thrown items, no armour, multi-lived
a: no special abilities


You were on level 3 of the Dungeon.
You visited 1 branch of the dungeon, and saw 3 of its levels.

You collected 137 gold pieces.

Inventory:

Jewellery
 d - an amulet of magic regeneration (around neck)
Scrolls
 a - 2 scrolls of identify {unknown}
 b - a scroll of noise {unknown}
 c - a scroll of amnesia {unknown}
 e - a scroll of immolation {unknown}
 f - a scroll of teleportation {unknown}
Potions
 g - a potion of might {unknown}


   Skills:
 - Level 1.0 Fighting
 - Level 2.6 Dodging
 + Level 2.7 Stealth
 - Level 3.0 Unarmed Combat
 - Level 2.0 Spellcasting
 * Level 4.0 Transmutations


You had 2 spell levels left.
You knew the following spells:

 Your Spells              Type           Power      Damage    Failure   Level
B - Beastly Appendage     Tmut           26%        N/A       4%          1
S - Spider Form           Tmut/Pois      3%         N/A       28%         3

Your spell library contained the following spells:

 Spells                   Type           Power      Damage    Failure   Level
 Wereblood                Tmut           13%        N/A       6%          2
 Ice Form                 Ice/Tmut       7%         N/A       67%         4


Dungeon Overview and Level Annotations

Branches:
Dungeon (3/15)

Altars:

Annotations:
D:2 exclusion: 2 adders


Innate Abilities, Weirdness & Mutations

You have sharp claws.
You have razor-sharp teeth.
You have supernaturally acute eyesight. (SInv)
You cover ground quickly. (Speed+)
You are covered in fur. (AC +1)
Your paws help you pounce on unaware monsters.
You are incapable of wielding weapons or throwing items.
You cannot wear armour.
You gain extra lives every three experience levels.


Message History

A bat comes into view.
A goblin comes into view. It is wielding a +0 dagger.
Found a stone staircase leading down.
The goblin shouts!
The goblin moves out of view.
Your horns disappear.
There is a stone staircase leading up here.
Casting: Beastly Appendage (safe; 4% risk of failure)
Confirm with . or Enter, or press ? or * to list all spells.
You grow a pair of large bovine horns.
You completely miss the goblin. The goblin misses you.
You barely miss the goblin. The goblin hits you with a +0 dagger.
You scratch the goblin.
You kill the goblin!
Your Transmutations skill increases to level 4!
You see here a +0 dagger.
You scratch the bat.
You kill the bat!
A giant cockroach comes into view.
You see here a +0 dagger.
There is a stone staircase leading up here.
You barely miss the giant cockroach. You headbutt the giant cockroach.
The giant cockroach is moderately wounded.
The giant cockroach bites you.
You scratch the giant cockroach but do no damage.
You bite the giant cockroach, but do no damage.
The giant cockroach is moderately wounded.
The giant cockroach misses you. The giant cockroach closely misses you.
You scratch the giant cockroach.
You kill the giant cockroach!
You see here a giant cockroach corpse.
Your transformation is almost over.
Your horns disappear.
A quokka comes into view.
The quokka bites you.
You barely miss the quokka. You bite the quokka, but do no damage.
The quokka bites you.
* * * LOW HITPOINT WARNING * * *
The quokka bites you.
You die...

#############
#...........#######
#...............$.##.>.
##########.####.###†..........#
........S..####.###..###.#.####
S####.........................
.# #.####.####...†<)......#..#
.# #.# #.# #..##..###.#......
.####.# #.# ##..###.# #g#...#..
.S..S.# #.# #......#.....##....
.###### #.# #..@###.###.. #.#
.# #.# #..r....... .# .. #.#
#.#.###.### .. ##. #.# #.#.# ..
.# #.... # # #.#.# #.# ... #.#
#..


You could see a quokka.

Vanquished Creatures
  2 adders
  A dart slug (D:1)
  4 ball pythons
  An endoplasm (D:1)
  2 giant cockroaches
  6 goblins
  5 hobgoblins
  3 quokkas
  7 bats
  4 frilled lizards (D:2)
  2 kobolds
  A rat (D:2)
38 creatures vanquished.

Notes
Turn   | Place    | Note
-------+----------+-------------------------------------------
     0 | D:1      | grimtooth the Felid Transmuter began the quest for the Orb.
     0 | D:1      | Reached XP level 1. HP: 9/9 MP: 4/4
   183 | D:1      | Reached skill level 1 in Stealth
   284 | D:1      | Reached XP level 2. HP: 12/12 MP: 4/6
   446 | D:1      | Reached skill level 3 in Transmutations
  1530 | D:2      | Reached XP level 3. HP: 15/15 MP: 7/7
  2414 | D:2      | Learned a level 3 spell: Spider Form
  2938 | D:3      | Reached skill level 4 in Transmutations
  2985 | D:3      | Slain by a quokka

Illustrated notes

Levels and vault maps discovered:
D:1:      noname_arrival_rooms_in_the_neighbourhood, layout_basic, serial_bayou,
          serial_bayou_pond_e, serial_bayou_shore_b, serial_bayou_pond_e,
          serial_bayou_lake_a, nrook_campfire
D:2:      layout_loops_ring, wander_ebering_terrifying_dragon_lair
D:3:      layout_loops_ring, minmay_randomly_rotated_circles

Skill      XL: |  1  2  3 |
---------------+----------+-----
Stealth        | 1 2 |  2.7
Transmutations | 3 4 |  4.0
Fighting       | |  1.0
Dodging        | |  2.6
Unarmed Combat | |  3.0
Spellcasting   | |  2.0

Action                   || total
-------------------------++-------
Melee: Unarmed           ||    95
       Headbutt          ||    16
       Bite              ||     5
 Cast: Beastly Appendage ||    28
 Stab: Sleeping          ||     9
Armor: Skin              ||     4
Dodge: Dodged            ||    62
